[Event "Titled Tuesday Blitz July 26 Early 2022"]
[White "Drygalov, Andrey"]
[Black "Lehtosaari, Mauri"]
[WhiteFideId "24171735"]
[BlackFideId "501999"]
[WhiteElo "2531"]
[BlackElo "2516"]
[Result "1-0"]
[Round "03"]
[TimeControl "180+1"]
[Date "2022.07.27"]
[WhiteClock "0:00:18"]
[BlackClock "0:00:09"]

1. e4 d5 2. exd5 Qxd5 3. Nc3 Qd8 4. d4 c6 5. Nf3 Bg4 6. Be3 e6 7. h3 Bh5 8. g4 Bg6 9. Ne5 Nd7 10. Nxg6 hxg6 11. Bg2 Bb4 12. Qd3 Ngf6 13. O-O-O Qa5 14. Kb1 O-O-O 15. Ne2 Nd5 16. Bc1 Be7 17. c4 N5f6 18. f4 Kb8 19. a3 Ka8 20. g5 Nh5 21. h4 Qc7 22. Qc2 Nb6 23. Rhf1 Nc8 24. c5 Bf8 25. b4 Ne7 26. Qb3 Nd5 27. Bf3 Be7 28. a4 Rb8 29. Bd2 b6 30. Qc4 bxc5 31. dxc5 Qa5 32. b5 Qc7 33. Nd4 Ng3 34. Rfe1 Nf5 35. Nxf5 gxf5 36. Ka2 Rhd8 37. Bc3 Qxf4 38. Qxf4 Nxf4 39. Bxc6+ Rb7 40. Rxd8+ Bxd8 41. Rd1 Nd5 42. Bxb7+ Kxb7 43. Bxg7 Be7 44. c6+ Kc7 45. Kb3 Bd6 46. h5 Nf4 47. Rxd6 Kxd6 48. Be5+ Kxe5 49. c7 Nxh5 50. c8=Q 1-0


[Site "https://www.chess.com"]

[Event "Titled Tuesday Blitz July 26 Early 2022"]
[White "Dubov, Daniil"]
[Black "Sorkin, Igor"]
[WhiteFideId "24126055"]
[BlackFideId "2803283"]
[WhiteElo "2791"]
[BlackElo "2401"]
[Result "1-0"]
[Round "03"]
[TimeControl "180+1"]
[Date "2022.07.26"]
[WhiteClock "0:00:41"]
[BlackClock "0:00:17"]

1. Nf3 g6 2. g3 Bg7 3. Bg2 d6 4. O-O Nd7 5. c4 e5 6. Nc3 Ne7 7. d3 O-O 8. Rb1 f5 9. Bd2 h6 10. b4 g5 11. b5 Nf6 12. Qc2 Be6 13. c5 Ng6 14. cxd6 cxd6 15. Rfc1 Rf7 16. Bxg5 hxg5 17. Nxg5 Qe8 18. Nxf7 Qxf7 19. b6 a6 20. Na4 Ne8 21. Qd2 Rb8 22. Qa5 e4 23. dxe4 f4 24. e5 Bxe5 25. Rc7 Nxc7 26. bxc7 Rf8 27. Bf3 fxg3 28. hxg3 Bd4 29. Rxb7 Qf6 30. Rb8 Ne5 31. Rxf8+ Kxf8 32. Qxa6 Nxf3+ 33. exf3 Qf5 34. Qxd6+ 1-0


[Site "https://www.chess.com"]

[Event "Titled Tuesday Blitz July 26 Early 2022"]
[White "Erenberg, Ariel"]
[Black "Kravtsiv, Martyn"]
[WhiteFideId "2811634"]
[BlackFideId "14113147"]
[WhiteElo "2243"]
[BlackElo "2694"]
[Result "0-1"]
[Round "03"]
[TimeControl "180+1"]
[Date "2022.07.26"]
[WhiteClock "0:00:18"]
[BlackClock "0:00:22"]

1. d4 d5 2. c4 e6 3. Nc3 Bb4 4. a3 Bxc3+ 5. bxc3 Nf6 6. Nf3 O-O 7. Bg5 Nbd7 8. e3 c5 9. cxd5 exd5 10. Bd3 Qa5 11. Qc2 c4 12. Bf5 g6 13. Bxd7 Nxd7 14. O-O Re8 15. Rfe1 Nb6 16. Ne5 Bf5 17. Qd2 Na4 18. Rac1 Qa6 19. Bf4 f6 20. Nf3 Qb6 21. h3 Qb2 22. Bd6 Re6 23. Bg3 Bd3 24. Qxb2 Nxb2 25. Nd2 Rae8 26. Ra1 Na4 27. Rec1 Rb6 28. Ra2 Kf7 29. h4 Ree6 30. Bf4 Rb3 31. f3 Rxc3 32. Rxc3 Nxc3 33. Rb2 b5 34. Bc7 a6 35. Ba5 Nd1 36. Rb4 c3 37. Nb3 Rxe3 38. Nc1 Bc4 39. Rb1 c2 40. Ra1 Nb2 41. Kf2 Re6 42. g4 Nd3+ 43. Nxd3 Bxd3 44. Rc1 Re2+ 45. Kg3 h6 46. Bb4 Bc4 47. Kf4 Bb3 48. Bc3 g5+ 49. hxg5 hxg5+ 50. Kg3 Kg6 51. Bb2 Rd2 52. Bc3 Rd1 53. Bb2 a5 54. Kf2 b4 55. axb4 axb4 56. Ke2 f5 57. Kf2 Kf6 58. Ke2 Ke6 59. Kf2 Ba4 60. Ke2 f4 61. Kf2 Kd6 62. Ke2 Kc6 63. Kf2 Kb5 64. Ke2 Kc4 65. Kf2 Kb3 0-1


[Site "https://www.chess.com"]

[Event "Titled Tuesday Blitz July 26 Early 2022"]
[White "Espinosa Veloz, Ermes"]
[Black "Goltseva, Ekaterina"]
[WhiteFideId "3507424"]
[BlackFideId "24173770"]
[WhiteElo "2333"]
[BlackElo "2086"]
[Result "0-1"]
[Round "03"]
[TimeControl "180+1"]
[Date "2022.07.27"]
[WhiteClock "0:00:03"]
[BlackClock "0:00:04"]

1. d4 d5 2. c4 e5 3. dxe5 Ne7 4. cxd5 Qxd5 5. Qxd5 Nxd5 6. Nf3 Nc6 7. a3 Bg4 8. e4 Nde7 9. Nc3 O-O-O 10. Be3 Ng6 11. Be2 Ngxe5 12. Nxe5 Nxe5 13. f3 Be6 14. Rd1 Be7 15. Kf2 Bb3 16. Rxd8+ Rxd8 17. f4 Nd3+ 18. Bxd3 Rxd3 19. Rc1 a6 20. e5 f6 21. Ne4 fxe5 22. fxe5 Bd5 23. Nd6+ Bxd6 24. exd6 Bc6 25. dxc7 Kxc7 26. g3 Rd5 27. Ke2 Kb8 28. Bf4+ Ka7 29. Ke3 Rd7 30. Be5 Re7 31. Kf4 g6 32. Bf6 Re2 33. Bd4+ Kb8 34. Be5+ Kc8 35. Bc3 Rxh2 36. Re1 Rf2+ 37. Kg5 Rf5+ 38. Kh6 Rh5+ 39. Kg7 Rh3 40. Be5 Kd7 41. Bf4 Rh2 42. Be5 Ke6 43. Bc3+ Kf5 44. Rf1+ Kg4 45. Rf8 Rh1 46. Be5 Kg5 47. Bf4+ Kg4 48. Rh8 Rh2 49. Be5 Be4 50. Bc3 Kg5 51. Be5 Rh3 52. Re8 h5 53. Bf4+ Kf5 54. Re5+ Kg4 55. Rxe4 g5 56. Bb8+ Kf3 57. Rb4 h4 58. gxh4 gxh4 59. Rxb7 Rh1 60. Rb3+ Kg2 61. Kh6 h3 62. Rg3+ Kf2 63. Rg6 Rd1 64. Rxa6 Rd8 65. Be5 Re8 66. Ra5 Kg2 67. a4 Re6+ 68. Kg5 Rb6 69. Rb5 Ra6 70. b3 Re6 71. Kf5 Rc6 72. a5 Ra6 73. b4 Ra8 74. Rb6 Rf8+ 0-1


[Site "https://www.chess.com"]

[Event "Titled Tuesday Blitz July 26 Early 2022"]
[White "Gunina, Valentina"]
[Black "Kuchava, Ana"]
[WhiteFideId "4167570"]
[BlackFideId "13605348"]
[WhiteElo "2386"]
[BlackElo "1955"]
[Result "1/2-1/2"]
[Round "03"]
[TimeControl "180+1"]
[Date "2022.07.27"]
[WhiteClock "0:00:05"]
[BlackClock "0:00:03"]

1. d4 d5 2. c4 e6 3. Nf3 Nf6 4. Nc3 Be7 5. Bg5 O-O 6. e3 h6 7. Bh4 b6 8. Rc1 Bb7 9. Bxf6 Bxf6 10. cxd5 exd5 11. Bd3 Nd7 12. O-O c5 13. Bb1 c4 14. e4 dxe4 15. Nxe4 Qc7 16. Qc2 Bxe4 17. Qxe4 g6 18. Qd5 Kg7 19. Rxc4 Qd8 20. Rfc1 Re8 21. Rc7 Re7 22. Kf1 Nf8 23. Qxd8 Rxd8 24. Rxe7 Bxe7 25. Rc7 Bf6 26. Rxa7 Bxd4 27. Nxd4 Rxd4 28. Ke2 Ne6 29. g3 Rb4 30. b3 h5 31. h4 Kf6 32. Bd3 Rd4 33. Bc4 Rd6 34. Bxe6 Kxe6 35. a4 Rc6 36. Rb7 f6 37. b4 g5 38. a5 bxa5 39. bxa5 Rc2+ 40. Ke3 Ra2 41. Rb5 gxh4 42. gxh4 Ra4 43. Rxh5 f5 44. Rh6+ Ke5 45. a6 Ra3+ 46. Ke2 Kf4 47. Rf6 Ra2+ 48. Kf1 Kg4 49. Kg2 Kxh4 50. Re6 Kg5 51. Kg3 Ra3+ 52. Kg2 Kf4 53. Rc6 Ra2 54. Rb6 Ke4 55. Kg3 Ra3+ 56. Kg2 Ra2 57. Rb4+ Ke5 58. Rb5+ Ke4 59. Rb6 Kf4 60. Rf6 Ra3 61. Re6 Ra2 62. Kg1 Ra3 63. Kf1 Ra2 64. Kg2 Ra3 65. Rh6 Ra2 66. Rg6 Ra3 67. Kf1 Ra2 68. Kg2 Ra3 69. Rf6 Ra2 70. Rc6 Ra3 71. Rc4+ Ke5 72. Rc6 Kf4 73. Rb6 Ra2 74. Rb4+ Ke5 75. Rb5+ Ke4 76. Kg3 Ra3+ 77. Kg2 Kf4 78. Rb4+ Ke5 79. Rb6 Kf4 80. Rh6 Ra2 81. Re6 Ra3 1/2-1/2


[Site "https://www.chess.com"]

[Event "Titled Tuesday Blitz July 26 Early 2022"]
[White "Hakobyan, Aram"]
[Black "Sammed Jaykumar, Shete"]
[WhiteFideId "13306677"]
[BlackFideId "5073421"]
[WhiteElo "2557"]
[BlackElo "2239"]
[Result "1-0"]
[Round "03"]
[TimeControl "180+1"]
[Date "2022.07.26"]
[WhiteClock "0:00:41"]
[BlackClock "0:00:03"]

1. e4 c5 2. Nc3 e6 3. f4 d5 4. exd5 exd5 5. Bb5+ Bd7 6. Qe2+ Be7 7. Nxd5 Nc6 8. Nf3 a6 9. Bd3 Bg4 10. Nxe7 Ngxe7 11. c3 O-O 12. Bxh7+ Kxh7 13. Ng5+ Kg8 14. Qxg4 Qd3 15. Qe2 Qg6 16. O-O Rfe8 17. d3 Nf5 18. Qf2 Rad8 19. g4 Nh6 20. f5 Qd6 21. Nf3 Nxg4 22. Qg2 Ne3 23. Bxe3 Rxe3 24. f6 Qxf6 25. Ng5 Qg6 26. Nxf7 Qxg2+ 27. Kxg2 Rf8 28. Ng5 Re2+ 29. Kg3 Rxf1 30. Rxf1 Rxb2 31. Ne6 Ne5 32. Rf8+ Kh7 33. h4 Nxd3 34. h5 Re2 35. Re8 Re3+ 36. Kg4 Nf2+ 37. Kf4 Re4+ 38. Kf5 1-0


[Site "https://www.chess.com"]

[Event "Titled Tuesday Blitz July 26 Early 2022"]
[White "Howell, David W L"]
[Black "Pfreundt, Jakob"]
[WhiteFideId "410608"]
[BlackFideId "12918156"]
[WhiteElo "2559"]
[BlackElo "2345"]
[Result "1-0"]
[Round "03"]
[TimeControl "180+1"]
[Date "2022.07.26"]
[WhiteClock "0:00:16"]
[BlackClock "0:00:02"]

1. e4 e5 2. Nf3 Nf6 3. Nxe5 d6 4. Nf3 Nxe4 5. Nc3 Nf6 6. d4 Be7 7. Bd3 O-O 8. h3 a6 9. O-O Re8 10. Re1 Nbd7 11. Bf4 b5 12. a4 b4 13. Ne2 Nh5 14. Bh2 Bb7 15. Nf4 Nxf4 16. Bxf4 Nf8 17. a5 Ng6 18. Bg3 Bf6 19. Rxe8+ Qxe8 20. c3 bxc3 21. bxc3 Bc6 22. Nd2 Bb5 23. Qf1 Bxd3 24. Qxd3 Qc6 25. Rb1 d5 26. Nf1 Bg5 27. Qf3 h6 28. Rb4 Be7 29. Rb1 Bd6 30. Bxd6 Qxd6 31. Ne3 Ne7 32. Nc4 Qg6 33. Re1 Rb8 34. Rxe7 dxc4 35. Rxc7 Qe6 36. Kh2 Rb3 37. Rc6 Qe1 38. Rc8+ 1-0


[Site "https://www.chess.com"]

[Event "Titled Tuesday Blitz July 26 Early 2022"]
[White "Ibarra Jerez, Jose Carlos"]
[Black "Nasuta, Grzegorz"]
[WhiteFideId "2226332"]
[BlackFideId "1141686"]
[WhiteElo "2628"]
[BlackElo "2366"]
[Result "1-0"]
[Round "03"]
[TimeControl "180+1"]
[Date "2022.07.26"]
[WhiteClock "0:00:15"]
[BlackClock "0:00:01"]

1. e4 e5 2. Nf3 Nc6 3. d4 exd4 4. Nxd4 Nf6 5. Nxc6 bxc6 6. Qe2 Bc5 7. e5 Nd5 8. c4 Ne7 9. Be3 Bxe3 10. Qxe3 O-O 11. Bd3 d6 12. f4 dxe5 13. fxe5 Bf5 14. Be2 Bg6 15. Nc3 Nf5 16. Qf4 Re8 17. Rd1 Qe7 18. Bf3 Qc5 19. Kd2 Rxe5 20. Kc1 Ne3 21. Rd4 Rae8 22. Re1 f6 23. Re2 Qe7 24. Bxc6 Rb8 25. Rdd2 Nf5 26. Rxe5 fxe5 27. Bd5+ Kh8 28. Qf2 Nd6 29. Qxa7 Rf8 30. Rf2 Rxf2 31. Qxf2 e4 32. Qe3 h6 33. b3 Qe5 34. Kb2 Kh7 35. g3 Bf5 36. a4 Bg6 37. a5 Qe7 38. a6 Nc8 39. Bb7 1-0


[Site "https://www.chess.com"]

[Event "Titled Tuesday Blitz July 26 Early 2022"]
[White "Jacobson, Brandon"]
[Black "Tatarinov, Dmitry"]
[WhiteFideId "30901561"]
[BlackFideId "24160067"]
[WhiteElo "2362"]
[BlackElo "2302"]
[Result "0-1"]
[Round "03"]
[TimeControl "180+1"]
[Date "2022.07.26"]
[WhiteClock "0:00:04"]
[BlackClock "0:00:15"]

1. Nf3 d5 2. c4 e6 3. g3 Nf6 4. Bg2 Be7 5. d4 O-O 6. O-O dxc4 7. Qc2 a6 8. a4 Bd7 9. Rd1 Bc6 10. Bg5 Nbd7 11. Nbd2 h6 12. Bxf6 Nxf6 13. Nxc4 a5 14. Nfe5 Bxg2 15. Kxg2 c6 16. e4 Bb4 17. Nd3 Qe7 18. f3 Rfd8 19. Nde5 Qc7 20. Rd3 Rac8 21. Rad1 Nd7 22. Ng4 b5 23. Nce3 bxa4 24. Nc4 Nb6 25. Nge5 Nxc4 26. Nxc4 Qb8 27. Qxa4 Qb5 28. Qc2 a4 29. Ra1 Ra8 30. Rdd1 Be7 31. Ne5 Rdc8 32. Nd3 Bf6 33. Nc5 Rcb8 34. Nxa4 Qb3 35. Qc3 Rb4 36. e5 Qxc3 37. Nxc3 Rxb2+ 38. Kh3 Rxa1 39. Rxa1 Be7 40. Ra7 Bf8 41. Ne4 Rb3 42. f4 Rd3 43. Rd7 c5 44. Nd6 Bxd6 45. exd6 Rxd4 46. Rd8+ Kh7 47. Kg2 c4 48. d7 c3 49. Rc8 Rxd7 50. Rxc3 g5 51. Kf3 Kg6 52. Rc5 Rd3+ 53. Kf2 Ra3 54. Kg2 Rd3 55. h4 Rd5 56. Rc2 g4 57. Kf2 h5 58. Re2 Kf5 59. Ra2 f6 60. Ke3 Rb5 61. Ra3 e5 62. fxe5 Rxe5+ 63. Kf2 Rb5 64. Ra1 Rb2+ 65. Ke3 Rg2 66. Ra5+ Kg6 67. Kf4 Rf2+ 68. Ke4 Rf3 69. Ra8 Rxg3 70. Rg8+ Kf7 71. Rh8 Rg1 72. Rxh5 Rf1 73. Rh7+ Kg6 74. Rh8 f5+ 75. Ke3 Rf3+ 76. Ke2 Kf6 77. h5 Ke5 78. h6 Rh3 79. h7 Kf4 80. Kf2 g3+ 81. Kg1 Rh2 82. Kf1 Kf3 83. Kg1 f4 84. Ra8 Rxh7 85. Ra3+ Kg4 86. Ra4 Rb7 87. Ra1 Rb2 88. Ra8 Rb3 89. Ra1 Kh3 90. Rf1 f3 91. Ra1 f2+ 92. Kf1 Re3 93. Rb1 Re1+ 94. Rxe1 fxe1=Q+ 95. Kxe1 Kh2 0-1


[Site "https://www.chess.com"]

[Event "Titled Tuesday Blitz July 26 Early 2022"]
[White "Jorquera, Marcelo"]
[Black "Arias, Juan Cruz"]
[WhiteFideId "3401197"]
[BlackFideId "118540"]
[WhiteElo "2136"]
[BlackElo "2091"]
[Result "0-1"]
[Round "03"]
[TimeControl "180+1"]
[Date "2022.07.27"]
[WhiteClock "0:00:05"]
[BlackClock "0:00:10"]

1. e4 e6 2. Qe2 Be7 3. Nf3 d5 4. d3 Nf6 5. g3 c5 6. Bg2 Nc6 7. O-O b6 8. e5 Nd7 9. c4 O-O 10. Re1 Re8 11. h4 h6 12. Nc3 d4 13. Nb1 Bb7 14. h5 Qc7 15. Bf4 Nf8 16. Nbd2 a6 17. g4 f6 18. Bg3 fxe5 19. Nxe5 Bd6 20. Ndf3 Rad8 21. Nxc6 Bxc6 22. Ne5 Bxg2 23. Kxg2 Nd7 24. Qe4 Bxe5 25. Bxe5 Nxe5 26. Qxe5 Qc6+ 27. Qe4 Qc7 28. Re2 b5 29. b3 e5 30. Rae1 Qd6 31. Qf5 Qc6+ 32. Qf3 Qd6 33. Qg3 Qc6+ 34. Re4 Re7 35. Kg1 Rde8 36. Qh4 Re6 37. Qg3 Qd6 38. R1e2 b4 39. g5 hxg5 40. Qxg5 a5 41. Qg4 R6e7 42. Kg2 Qc6 43. Kg1 a4 44. Kg2 a3 45. Qg3 Qf6 46. f4 exf4 47. Qf3 Rxe4 48. Rxe4 Qg5+ 49. Kf2 Rxe4 50. Qxe4 Qg3+ 51. Kf1 Qh3+ 52. Kf2 Qe3+ 53. Qxe3 fxe3+ 54. Ke2 Kh7 55. Kf3 Kh6 56. Ke2 Kxh5 57. Kf3 Kh4 58. Ke2 Kg3 59. Ke1 Kg2 60. Ke2 g5 61. Ke1 Kf3 0-1


[Site "https://www.chess.com"]

[Event "Titled Tuesday Blitz July 26 Early 2022"]
[White "Koellner, Ruben Gideon"]
[Black "Pap, Gyula"]
[WhiteFideId "12993093"]
[BlackFideId "725323"]
[WhiteElo "2555"]
[BlackElo "2553"]
[Result "1-0"]
[Round "03"]
[TimeControl "180+1"]
[Date "2022.07.26"]
[WhiteClock "0:00:15"]
[BlackClock "0:00:03"]

1. d4 Nf6 2. Bg5 e6 3. Nd2 h6 4. Bh4 c5 5. e4 cxd4 6. e5 g5 7. Bg3 Nd5 8. h4 gxh4 9. Bxh4 Be7 10. Qh5 Nc6 11. Nc4 d6 12. Bxe7 Qxe7 13. Nxd6+ Kd7 14. Nf3 Kc7 15. Qxf7 Qxf7 16. Nxf7 Rf8 17. Nxh6 Rxf3 18. gxf3 Nxe5 19. Be2 Bd7 20. Ng4 Nxg4 21. fxg4 Bc6 22. Rh7+ Kd6 23. O-O-O Kc5 24. g5 Rg8 25. Rg1 Nf4 26. Bd3 Be4 27. Bxe4 Ne2+ 28. Kd2 Nxg1 29. g6 Kd6 30. Rh1 Ke5 31. f3 1-0


[Site "https://www.chess.com"]

[Event "Titled Tuesday Blitz July 26 Early 2022"]
[White "Kozin, Yuri"]
[Black "Levine, David"]
[WhiteFideId "4129920"]
[BlackFideId "2011611"]
[WhiteElo "2533"]
[BlackElo "2183"]
[Result "1-0"]
[Round "03"]
[TimeControl "180+1"]
[Date "2022.07.27"]
[WhiteClock "0:00:19"]
[BlackClock "0:00:03"]

1. e4 e5 2. Nf3 Nc6 3. Bb5 a6 4. Ba4 Nf6 5. O-O b5 6. Bb3 d6 7. d3 Be7 8. a4 Rb8 9. h3 O-O 10. Re1 Be6 11. Nbd2 Bxb3 12. Nxb3 Re8 13. Bg5 h6 14. Bxf6 Bxf6 15. axb5 axb5 16. Ra6 Qd7 17. c3 Ra8 18. Qa1 Qc8 19. Ra3 Qb7 20. Na5 Nxa5 21. Rxa5 Rxa5 22. Qxa5 Ra8 23. Qb4 c5 24. Qb3 Qa6 25. Nd2 Bg5 26. Nf1 Qa4 27. Qd5 Ra6 28. Ng3 g6 29. Nf1 Kg7 30. g3 Qa2 31. Qb7 Qa4 32. h4 Bf6 33. Ne3 Ra7 34. Qb8 Qa6 35. Nd5 Ra8 36. Qc7 Ra7 37. Qb8 Ra8 38. Qb6 Qxb6 39. Nxb6 Ra2 40. Rb1 g5 41. h5 g4 42. Nd5 Bg5 43. b4 cxb4 44. Rxb4 Rd2 45. Rxb5 Rxd3 46. Rb6 f5 47. exf5 Rxd5 48. Rb7+ Kf6 49. c4 Rd4 50. Rd7 Kxf5 51. Kg2 Ke4 52. Rf7 Kd3 53. f3 gxf3+ 54. Rxf3+ Kxc4 55. Rf5 Kd5 56. Kh3 Ke4 57. Rf7 Rd1 58. Kg4 d5 59. Rg7 d4 60. Rxg5 hxg5 61. h6 Rh1 62. Kxg5 d3 63. g4 d2 64. Kg6 d1=Q 65. g5 Qd6+ 66. Kg7 Qe7+ 67. Kg6 Qe8+ 68. Kg7 Kf5 69. h7 Qg6+ 70. Kf8 1-0


[Site "https://www.chess.com"]

[Event "Titled Tuesday Blitz July 26 Early 2022"]
[White "Lazavik, Denis"]
[Black "Goltsev, Dmitry"]
[WhiteFideId "13515110"]
[BlackFideId "24176710"]
[WhiteElo "2437"]
[BlackElo "2258"]
[Result "1-0"]
[Round "03"]
[TimeControl "180+1"]
[Date "2022.07.26"]
[WhiteClock "0:00:42"]
[BlackClock "0:00:46"]

1. d4 Nf6 2. c4 e6 3. Nc3 Bb4 4. e3 Qe7 5. Ne2 b6 6. a3 Bxc3+ 7. Nxc3 Bb7 8. Bd3 d6 9. O-O h5 10. e4 e5 11. d5 Nbd7 12. Bg5 a5 13. b4 Qf8 14. Qd2 Nh7 15. Be3 Qe7 16. Nb5 Rc8 17. bxa5 Nc5 18. axb6 cxb6 19. Bc2 O-O 20. a4 g6 21. a5 bxa5 22. Rxa5 f5 23. exf5 gxf5 24. Ra7 Rf7 25. f4 e4 26. Nd4 h4 27. Rb1 h3 28. g3 Qf6 29. Ne6 Bxd5 30. Rxf7 Qxe6 31. Rxh7 Kxh7 32. Qxd5 Qxd5 33. cxd5 Nd7 34. Bxe4 1-0


[Site "https://www.chess.com"]

[Event "Titled Tuesday Blitz July 26 Early 2022"]
[White "Leve, Nitai"]
[Black "Kejzar, Petra"]
[WhiteFideId "2006898"]
[BlackFideId "14610213"]
[WhiteElo "2144"]
[BlackElo "2004"]
[Result "1-0"]
[Round "03"]
[TimeControl "180+1"]
[Date "2022.07.27"]
[WhiteClock "0:00:05"]
[BlackClock "0:00:10"]

1. e4 c5 2. Nf3 d6 3. d4 cxd4 4. Qxd4 Nc6 5. Bb5 Bd7 6. Bxc6 Bxc6 7. Nc3 Nf6 8. Bg5 e5 9. Qd3 Be7 10. O-O-O O-O 11. Bxf6 gxf6 12. Nh4 Kh8 13. Nf5 Rg8 14. Nd5 Bf8 15. Nde3 Qa5 16. Kb1 Qb4 17. Nxd6 Bxd6 18. Qxd6 Qxd6 19. Rxd6 Bxe4 20. f3 Bg6 21. Rxf6 Kg7 22. Rd6 Rac8 23. Rd7 Rgd8 24. Rhd1 Rxd7 25. Rxd7 Rb8 26. Kc1 Kf6 27. Nc4 Ke6 28. Rd6+ Ke7 29. Rd5 f6 30. Ra5 a6 31. Rc5 b5 32. Ne3 Kd6 33. Rc3 b4 34. Rc4 a5 35. c3 Bf7 36. Rh4 Bg6 37. cxb4 axb4 38. Rc4 Bf7 39. Rh4 Bg6 40. b3 Kc5 41. Rc4+ Kb5 42. g4 Rd8 43. Rc7 Rd3 44. Nc4 Rxf3 45. h4 Bd3 46. Nd6+ Kb6 47. Rf7 e4 48. Kd2 Rf2+ 49. Ke1 Re2+ 50. Kd1 Rf2 51. Re7 Rf4 52. Kd2 Rxg4 53. Ke3 Rxh4 54. Kd4 Kc6 55. Nf5 Rf4 56. Ne3 Kd6 57. Rxh7 Rf2 58. Rb7 Rxa2 59. Rxb4 Rd2 60. Rb6+ Kc7 61. Rxf6 Bc2+ 62. Kc5 Bxb3 63. Rf4 Bc2 64. Rf7+ Kd8 65. Rg7 Re2 66. Nd5 Ba4 67. Kd6 Rd2 68. Rg8+ Be8 69. Ke6 e3 70. Nf6 e2 71. Rxe8+ Kc7 72. Kf7 Rd1 73. Rxe2 Rf1 74. Re7+ Kd6 75. Re2 Kc6 76. Ke7 Rd1 77. Ne4 Rd4 78. Nf6 Kc5 79. Rc2+ Kb4 80. Ke6 Kb3 81. Rc6 Rd1 82. Ke5 Kb4 83. Ne4 Kb5 84. Rc8 Kb6 85. Rc2 Kb5 86. Nc3+ Kb4 87. Nxd1 Kb3 88. Re2 1-0


[Site "https://www.chess.com"]

[Event "Titled Tuesday Blitz July 26 Early 2022"]
[White "Lianes Garcia, Marcos"]
[Black "Aravindh, Chithambaram VR."]
[WhiteFideId "32060777"]
[BlackFideId "5072786"]
[WhiteElo "2334"]
[BlackElo "2577"]
[Result "0-1"]
[Round "03"]
[TimeControl "180+1"]
[Date "2022.07.26"]
[WhiteClock "0:00:40"]
[BlackClock "0:00:54"]

1. e4 d6 2. d4 Nf6 3. Nc3 g6 4. Be3 Bg7 5. f3 c6 6. Qd2 b5 7. h4 h5 8. Nh3 Nbd7 9. Ng5 Nb6 10. b3 O-O 11. a4 bxa4 12. Nxa4 Bd7 13. Be2 Nxa4 14. Rxa4 c5 15. Ra2 cxd4 16. Bxd4 a5 17. O-O Qc7 18. Rfa1 Rfc8 19. Bd3 Rcb8 20. Rxa5 Nxe4 21. Bxe4 Bxd4+ 22. Kh1 Bxa1 23. Rxa8 Rxa8 24. Qd5 Rf8 25. Bxg6 e6 26. Qd3 Qc3 0-1


[Site "https://www.chess.com"]

[Event "Titled Tuesday Blitz July 26 Early 2022"]
[White "Lubbe, Nikolas"]
[Black "Ohanyan, Emin"]
[WhiteFideId "4694031"]
[BlackFideId "13312022"]
[WhiteElo "2447"]
[BlackElo "1927"]
[Result "1-0"]
[Round "03"]
[TimeControl "180+1"]
[Date "2022.07.26"]
[WhiteClock "0:00:30"]
[BlackClock "0:00:01"]

1. d4 Nf6 2. Nc3 d5 3. Bf4 e6 4. Nb5 Na6 5. e3 c6 6. Nc3 Bd7 7. Nf3 Be7 8. Bxa6 bxa6 9. O-O O-O 10. Na4 Ne4 11. Nd2 Qa5 12. Nxe4 Qxa4 13. Nc5 Bxc5 14. dxc5 f6 15. Bd6 Rf7 16. b3 Qe4 17. Qd3 Qg6 18. Rac1 e5 19. Qxg6 hxg6 20. c4 Be6 21. cxd5 Bxd5 22. Rfe1 e4 23. Red1 Rb7 24. Rd4 a5 25. Ra4 Rb5 26. Bc7 Kf7 27. Bxa5 g5 28. Bc7 Rb7 29. Bd6 Ke6 30. h3 f5 31. Kf1 g4 32. hxg4 fxg4 33. Ke2 Rh8 34. Kd2 g6 35. Kc3 Rf7 36. Bg3 Rb7 37. Rd1 Ra8 38. Rdd4 a5 39. Bd6 Kd7 40. Rxe4 Bxe4 41. Rxe4 Re8 42. Rxg4 Re6 43. e4 Rb4 44. f3 Kc8 45. Rh4 Kb7 46. Rh8 Ka7 47. Rc8 Rb7 48. Rxc6 Re8 49. e5 Rh7 50. e6 Kb7 51. Rb6+ Ka8 52. e7 Ka7 53. a3 Rh1 54. Rb8 Rxe7 55. Rg8 Re6 56. b4 axb4+ 57. axb4 Rb1 58. Kc4 Re2 59. Kb5 Reb2 60. c6 Rc2 61. Bc5+ Rxc5+ 62. Kxc5 Rc1+ 63. Kb5 g5 64. Rxg5 Kb8 65. Rg7 Ka8 66. Kb6 Rxc6+ 67. Kxc6 1-0


[Site "https://www.chess.com"]

[Event "Titled Tuesday Blitz July 26 Early 2022"]
[White "Madaminov, Mukhiddin"]
[Black "Tong, Hai Anh"]
[WhiteFideId "14210703"]
[BlackFideId "12412805"]
[WhiteElo "2011"]
[BlackElo "1467"]
[Result "1-0"]
[Round "03"]
[TimeControl "180+1"]
[Date "2022.07.27"]
[WhiteClock "0:00:22"]
[BlackClock "0:00:03"]

1. e4 c6 2. Nf3 d5 3. Nc3 dxe4 4. Nxe4 Nf6 5. Qe2 Nxe4 6. Qxe4 Nd7 7. Bc4 Nf6 8. Ne5 e6 9. Qe2 Bd6 10. O-O O-O 11. d4 Qc7 12. Bf4 Nd5 13. Bg3 b5 14. Bd3 f6 15. Nf3 Nf4 16. Bxf4 Bxf4 17. a4 bxa4 18. Rxa4 Bd7 19. Ra6 Rfe8 20. Rfa1 e5 21. dxe5 fxe5 22. Qe4 g6 23. g3 Bh6 24. Qh4 Bg7 25. Ng5 h6 26. Qc4+ Kh8 27. Ne4 Rf8 28. Qc5 Bf5 29. Rxa7 Rxa7 30. Rxa7 Qb8 31. Qe7 Rg8 32. Nf6 Qxa7 33. Qxa7 Bxf6 34. Bxf5 gxf5 35. Qf7 Bg7 36. Qxf5 Rd8 37. Qe4 c5 38. Qc4 Rd1+ 39. Kg2 e4 40. Qxe4 Rd2 41. Qe3 Rd4 42. c3 Rd8 43. Qxc5 Rd2 44. b4 h5 45. Qxh5+ Kg8 46. Qe8+ 1-0


[Site "https://www.chess.com"]

[Event "Titled Tuesday Blitz July 26 Early 2022"]
[White "Maksimovic, Bojan"]
[Black "Dimitrov, Atanas"]
[WhiteFideId "14408120"]
[BlackFideId "2901315"]
[WhiteElo "2453"]
[BlackElo "2569"]
[Result "1-0"]
[Round "03"]
[TimeControl "180+1"]
[Date "2022.07.26"]
[WhiteClock "0:00:06"]
[BlackClock "0:00:02"]

1. e4 c5 2. Nf3 d6 3. Nc3 Nf6 4. Bb5+ Bd7 5. a4 e6 6. O-O Be7 7. Bxd7+ Nbxd7 8. d3 O-O 9. Bf4 Re8 10. h3 Nf8 11. Qd2 Ng6 12. Bh2 Nd7 13. d4 cxd4 14. Qxd4 Nde5 15. Nxe5 dxe5 16. Bxe5 Nxe5 17. Qxe5 Qd2 18. Rac1 Bf6 19. Qg3 Bxc3 20. Rfd1 Qe2 21. Qxc3 Qxe4 22. Qd4 Qc6 23. Rd3 e5 24. Qb4 b6 25. c4 Rac8 26. b3 g6 27. Rcd1 Kg7 28. Rd7 Rc7 29. R7d6 Qe4 30. Qc3 Qf5 31. R1d3 Rce7 32. Re3 f6 33. Rd5 Qb1+ 34. Kh2 Qf5 35. Qd2 Qf4+ 36. Kg1 Qf5 37. Red3 h5 38. a5 bxa5 39. Rxa5 Qe4 40. Re3 Qc6 41. Qa2 Qb6 42. Rb5 Qd4 43. Rd5 Qb6 44. Re1 Rc8 45. Red1 Rcc7 46. Rd6 Qb4 47. Ra6 Rb7 48. Ra3 Qc3 49. Qa1 Qc2 50. Qc1 Qe4 51. Qc3 Qc6 52. Ra5 a6 53. Rda1 Qb6 54. R1a3 Ra7 55. Qa1 Red7 56. c5 Qc6 57. b4 Qd5 58. Rxa6 Rab7 59. Rb6 Rbc7 60. Raa6 Rf7 61. Rd6 Qc4 62. Qb2 Rb7 63. Rab6 Ra7 64. Rd1 Ra2 65. Qc1 Qe4 66. Qe3 Qc2 67. Rf1 Rb2 68. c6 Rb3 69. Qc5 Rc3 70. Qd6 Rd3 71. Qe6 Rc3 72. Rb7 Rxb7 73. cxb7 1-0


[Site "https://www.chess.com"]

[Event "Titled Tuesday Blitz July 26 Early 2022"]
[White "Mardov, Dimitar"]
[Black "Williams, Simon K"]
[WhiteFideId "30919495"]
[BlackFideId "404454"]
[WhiteElo "2185"]
[BlackElo "2468"]
[Result "1-0"]
[Round "03"]
[TimeControl "180+1"]
[Date "2022.07.26"]
[WhiteClock "0:00:04"]
[BlackClock "0:00:06"]

1. e4 e6 2. d4 b6 3. Nc3 Bb7 4. Bd3 Bb4 5. Ne2 Nf6 6. O-O d5 7. e5 Ne4 8. Nxe4 dxe4 9. Bb5+ Nd7 10. c3 Be7 11. Ng3 a6 12. Ba4 O-O 13. Bc2 f5 14. exf6 Nxf6 15. Re1 c5 16. Be3 Qc7 17. dxc5 Bxc5 18. Bxc5 Qxc5 19. Qe2 h5 20. Rf1 Qe5 21. Rae1 Rad8 22. Nxe4 Bxe4 23. Bxe4 Nxe4 24. Qxe4 Qxe4 25. Rxe4 Rd2 26. b3 Rf6 27. Rb4 b5 28. a4 Rf5 29. axb5 Rxb5 30. Ra4 Rxb3 31. Rxa6 Rxc3 32. Rxe6 Kh7 33. g3 Rcd3 34. Kg2 Rd1 35. Rxd1 Rxd1 36. Kh3 Rd4 37. Kg2 g6 38. h3 Kg7 39. Re3 Kf6 40. Kf3 Rb4 41. Re4 Rb2 42. Rf4+ Kg7 43. Ra4 Rc2 44. Ke3 Kf6 45. Kf3 Rb2 46. g4 hxg4+ 47. hxg4 Rc2 48. Kg3 Rb2 49. Ra6+ Kg7 50. f3 Rb1 51. Kh4 Rb5 52. f4 Rc5 53. Ra7+ Kf6 54. g5+ Kf5 55. Rf7+ Ke4 56. Kg4 Rc1 57. Re7+ Kd5 58. Rg7 Rg1+ 59. Kf3 Rf1+ 60. Ke3 Re1+ 61. Kf2 Re6 62. Kf3 Rb6 63. Re7 Ra6 64. Re5+ Kd4 65. Re7 Rb6 66. Rd7+ Kc5 67. Ke4 Kc4 68. Ke5 Kc3 69. Rd6 Rb5+ 70. Kf6 Rb4 71. Kxg6 Rxf4 72. Kh7 Kc4 73. g6 Kc5 74. Rd1 Rh4+ 75. Kg8 Kc6 76. g7 Kc7 77. Re1 Kd7 78. Re5 Kd6 79. Re8 Kd7 80. Re1 Rh3 81. Re4 Kd6 82. Kf7 Rf3+ 83. Kg6 Rg3+ 84. Kf6 Kd7 85. Re5 Rf3+ 86. Rf5 Rg3 87. Rg5 Rf3+ 88. Kg6 Ke7 89. g8=Q Rf6+ 90. Kh5 Rf4 91. Rg7+ 1-0


[Site "https://www.chess.com"]